 Dungeon Crawl Stone Soup version 0.20.1-1-g8b1a95d (webtiles) character file.

109 dohliylev the Covert (level 4, -1/33 HPs)
             Began as a Vampire Assassin on Dec 3, 2017.
             Killed from afar by Anon1729's ghost (11 damage)
             ... with a blast of sand
             ... on level 3 of the Dungeon.
             The game lasted 00:06:07 (2131 turns).

dohliylev the Covert (Vampire Assassin)             Turns: 2131, Time: 00:06:08

Health: -1/33      AC:  3    Str: 10    XL:     4   Next: 59%
Magic:  4/4        EV: 10    Int: 13    God:
Gold:   65         SH:  7    Dex: 16    Spells: 3/3 levels left

rFire    . . .     SeeInvis +   a - +2 dagger
rCold    . . .     Gourm    .   q - +0 shield
rNeg     . . .     Faith    .   c - +0 robe
rPois    .         Spirit   .   (no helmet)
rElec    .         Reflect  .   d - +0 cloak
rCorr    .         Harm     .   (no gloves)
MR       .....                  (no boots)
Stlth    ++........             (no amulet)
Regen    0.4/turn               h - ring of wizardry
MPRegen  0.1/turn               (no ring)

@: regenerating quickly, very slow
A: fangs 3, see invisible, unbreathing
a: no special abilities


You were on level 3 of the Dungeon.
You were full.

You visited 1 branch of the dungeon, and saw 3 of its levels.

You collected 65 gold pieces.

Inventory:

Hand Weapons
 a - a +2 dagger (weapon)
 b - a +0 blowgun
 o - a +2 vampiric short sword
Missiles
 e - 8 poisoned needles
 f - 2 curare-tipped needles
Armour
 c - a +0 robe (worn)
 d - a +0 cloak (worn)
 q - a +0 shield (worn)
Jewellery
 h - a ring of wizardry (left hand)
 r - an uncursed amulet of guardian spirit {unknown}
Scrolls
 i - a scroll of enchant armour {unknown}
 j - 2 scrolls of identify {unknown}
 k - 2 scrolls of enchant weapon {unknown}
Potions
 g - 2 potions of blood
 l - a potion of invisibility {unknown}
 m - a potion of agility {unknown}
 n - a potion of degeneration {unknown}
 p - 2 potions of ambrosia {unknown}


   Skills:
 - Level 1.7 Fighting
 + Level 3.1 Short Blades
 - Level 1.5 Throwing
 + Level 1.9 Dodging
 - Level 8.1 Stealth
 + Level 0.3 Shields


You had 3 spell levels left.
You didn't know any spells.

Dungeon Overview and Level Annotations

Branches:
Dungeon (3/15)

Altars:
Xom

Annotations:
D:3 Anon1729's ghost, amateur DDEE


Innate Abilities, Weirdness & Mutations

Your natural rate of healing is unusually fast.
You have razor-sharp teeth.
You have supernaturally acute eyesight. (SInv)
You can survive without breathing.


Message History

The goblin shouts!
Anon1729's ghost gestures at you while chanting.
The blast of sand hits you!
Found 21 arrows.
Anon1729's ghost wails.
Found 2 fuming orange potions.
Found a faded altar of an unknown god.
Found a quarterstaff.
You enter the shallow water.
Moving in this stuff is going to be slow.
Anon1729's ghost gestures at you while chanting.
The blast of sand hits you!
* * * LOW HITPOINT WARNING * * *
You see here 2 fuming orange potions.
You see here a quarterstaff.
You enter the shallow water.
Moving in this stuff is going to be slow.
You hear the quick rusting of a distant drain.
Anon1729's ghost points at you and mumbles some strange words.
The blast of sand hits you!
You die...

#..
##.........
...... ...
#......≈.....
#... (.
#...≈≈≈....≈.
####...
#..≈≈≈≈≈≈≈≈≈≈
......@
#.≈.≈≈≈≈≈≈≈≈≈
.######
#.g.≈≈≈≈≈≈≈≈≈
##.≈≈≈≈≈.≈≈≈≈
#!.W≈≈≈_≈≈≈≈
#.)≈@≈...≈≈≈
#≈.≈≈≈≈≈≈≈≈≈
#..≈≈≈≈≈≈≈≈≈
#..≈≈≈≈≈≈≈≈≈
#.≈≈≈......≈
#...≈.≈...≈.
#########...
###


You could see Anon1729's ghost and a goblin.

Vanquished Creatures
  Terence (D:2)
  A gnoll (D:1)
  2 adders (D:2)
  An ooze (D:2)
  2 worms (D:2)
  A dart slug (D:2)
  A leopard gecko (D:2)
  5 bats
  4 giant cockroaches (D:1)
  3 hobgoblins
  6 kobolds
  A ball python (D:2)
  A frilled lizard (D:2)
  8 goblins
  7 rats
44 creatures vanquished.

Notes
Turn   | Place    | Note
-------+----------+-------------------------------------------
     0 | D:1      | dohliylev the Vampire Assassin began the quest for the Orb.
     0 | D:1      | Reached XP level 1. HP: 16/16 MP: 1/1
     6 | D:1      | Noticed a water moccasin
     6 | D:1      | Noticed a black bear
     6 | D:1      | Noticed a swamp drake
     7 | D:1      | Noticed a wolf
     7 | D:1      | Noticed a swamp worm
    27 | D:1      | Reached skill level 6 in Stealth
   218 | D:1      | Reached XP level 2. HP: 22/22 MP: 2/2
   316 | D:1      | Reached skill level 7 in Stealth
   647 | D:1      | Reached XP level 3. HP: 25/27 MP: 3/3
  1028 | D:2      | Reached skill level 8 in Stealth
  1137 | D:2      | Found a shimmering altar of Xom.
  1244 | D:2      | Reached XP level 4. HP: 18/33 MP: 4/4
  1589 | D:3      | Noticed Terence
  1794 | D:3      | HP: 1/33 [Terence/trident (7)]
  1801 | D:2      | HP: 1/33 [Terence/trident (3)]
  1877 | D:2      | Killed Terence
  2026 | D:3      | Noticed Anon1729's ghost (amateur DDEE)
  2121 | D:3      | Found a faded altar of an unknown god.
  2131 | D:3      | Killed from afar by Anon1729's ghost

Skill      XL: |  1  2  3  4 |
---------------+-------------+-----
Stealth        | 6 7 8 |  8.1
Short Blades   | 3 |  3.1
Fighting       | |  1.7
Throwing       | |  1.5
Dodging        | |  1.9
Shields        | |  0.3

Action                   |  1- 3 |  4- 6 || total
-------------------------+-------+-------++-------
Melee: Dagger            |   118 |    63 ||   181
       Bite              |     9 |     7 ||    16
 Stab: Sleeping          |    12 |     1 ||    13
  Eat: Corpse            |    11 |     1 ||    12
Armor: Robe              |    20 |     7 ||    27
Dodge: Dodged            |    76 |    28 ||   104
Block: Shield            |       |    21 ||    21
